Map: Ultralove

Players

lllllllll

  • Race: Terran Terran
  • League: Diamond
  • Spawn Location: 1:00

llllllllllll - Winner!

  • Race: Zerg Zerg
  • League: Platinum
  • Spawn Location: 7:00

VOD

Have the link to the VOD?

Description

Time

  • Played on: April 25, 2025, 6:46 a.m.
  • Length: 4:42
Show
View Real Time Build Order
Export as new Build Order

lllllllll Terran 

Build Orders: Reaper Expand 

Get SALT Encoding   

  12  0:01  SCV  
  13  0:18  Supply Depot  
  13  0:19  SCV  
  14  0:31  SCV  
  15  0:43  Barracks  
  15  0:47  Refinery  
  15  0:48  SCV  
  16  1:00  SCV  
  17  1:12  SCV  
  18  1:25  SCV  
  19  1:31  Reaper  
  20  1:37  Orbital Command  
  20  1:44  Command Center  
  20  1:59  Supply Depot  
  20  2:03  SCV  
  20  2:04  Marine  
  22  2:10  Factory  
  22  2:16  SCV  
  22  2:20  Refinery  
  23  2:27  Barracks Reactor  
  23  2:32  SCV  
  24  2:44  SCV  
  24  3:06  Marine x2  
  24  3:08  Widow Mine  
  28  3:17  SCV  
  29  3:20  Barracks  
  29  3:24  Marine  
  29  3:25  Marine  
  31  3:30  SCV  
  32  3:36  Widow Mine  
  33  3:50  Marine  
  33  3:51  Marine  
  33  3:52  SCV  
  26  4:08  Marine  
  23  4:10  Supply Depot  
  23  4:12  Marine x2  
  23  4:15  Supply Depot  
Show
View Real Time Build Order
Export as new Build Order

llllllllllll Zerg - Winner!

Build Orders: Hatch First, Zergling Baneling 

Get SALT Encoding   

  12  0:00  Drone  
  13  0:12  Overlord  
  13  0:16  Drone  
  14  0:30  Drone x2  
  16  0:45  Hatchery  
  16  0:49  Drone  
  16  0:52  Drone  
  16  0:56  Drone  
  18  0:59  Extractor  
  17  1:13  Spawning Pool  
  17  1:15  Drone  
  17  1:18  Drone  
  18  1:28  Drone  
  19  1:38  Overlord  
  19  2:00  Metabolic Boost  
  19  2:01  Queen x2  
  19  2:03  Zergling x2  
  19  2:06  Zergling x2  
  25  2:10  Zergling x2  
  25  2:15  Zergling x2  
  27  2:19  Zergling x2  
  27  2:21  Zergling x2  
  29  2:25  Zergling x2  
  30  2:32  Baneling Nest  
  30  2:33  Drone  
  30  2:42  Zergling x4  
  31  2:47  Zergling x2  
  32  2:54  Zergling x4  
  34  3:03  Zergling x2  
  34  3:04  Overlord  
  34  3:21  Baneling x6  
  34  3:23  Drone x2  
  36  3:30  Zergling x2  
  36  3:31  Zergling x4  
  36  3:34  Zergling x2  
  35  3:46  Zergling x6  
  38  3:52  Zergling x4  
  38  3:53  Zergling x2  
  37  3:57  Zergling x2  
  38  4:03  Zergling x4  
  38  4:07  Zergling x2  
  39  4:10  Zergling x2  
  39  4:11  Zergling x2  
  41  4:20  Zergling x2  
  41  4:22  Baneling x4  
Tags
 
Add a new tag
Caveats
  • Supply blocks, unpowered buildings, or Contaminate may cause inaccurate times.
  • Supply counts are checked every 10 seconds.